 Dungeon Sprint DCSS version 0.24-a0-583-g87330a4 (webtiles) character file.

Game seed: 3682309264789106131, levelgen mode: deterministic

107 silentkaos13 the Ducker (level 4, -3/39 HPs)
             Began as a Gnoll Gladiator on Aug 29, 2019.
             Killed from afar by Sigmund (9 damage)
             ... with a magic dart
             ... in the Dungeon (Sprint I: "Red Sonja").
             The game lasted 00:00:43 (398 turns).

silentkaos13 the Ducker (Gnoll Gladiator)            Turns: 398, Time: 00:00:43

Health: -3/39      AC: 10    Str: 17    XL:     4   Next: 86%
Magic:  8/8        EV: 10    Int: 10    God:
Gold:   54         SH:  0    Dex: 17    Spells: 9/9 levels left

rFire    . . .     SeeInvis .   a - +0 flail
rCold    . . .     Gourm    .   (no shield)
rNeg     . . .     Faith    .   l - +0 chain mail
rPois    .         Spirit   .   c - +0 helmet
rElec    .         Reflect  .   (no cloak)
rCorr    .         Harm     .   (no gloves)
MR       .....     NoTele   +   (no boots)
Stlth    ..........             (no amulet)
HPRegen  0.13/turn              (no ring)
MPRegen  0.11/turn              (no ring)

@: no status effects
A: distributed training, fangs 1, strong nose
a: no special abilities


You were in the Dungeon.
You were not hungry.

You visited 1 branch You collected 54 gold pieces.

Inventory:

Hand Weapons
 a - a +0 flail (weapon)
Missiles
 d - 2 throwing nets (quivered)
Armour
 b - a +0 leather armour
 c - a +0 helmet (worn)
 l - a +0 chain mail (worn)
Scrolls
 k - a scroll of blinking
Potions
 e - a potion of curing
 g - a potion of heal wounds
 h - a potion of haste
 i - 2 potions of magic
 j - a potion of berserk rage
Comestibles
 f - a ration


   Skills:
 + Level 5.5 Fighting
 + Level 3.0 Short Blades
 + Level 3.0 Long Blades
 + Level 3.0 Axes
 + Level 7.2 Maces & Flails
 + Level 3.0 Polearms
 + Level 3.0 Staves
 + Level 3.0 Slings
 + Level 3.0 Bows
 + Level 3.0 Crossbows
 + Level 5.5 Throwing
 + Level 3.0 Armour
 + Level 7.2 Dodging
 + Level 3.0 Stealth
 + Level 3.0 Shields
 + Level 3.0 Unarmed Combat
 + Level 3.0 Spellcasting
 + Level 2.4 Conjurations
 + Level 2.4 Hexes
 + Level 2.4 Charms
 + Level 2.4 Summonings
 + Level 2.4 Necromancy
 + Level 2.4 Translocations
 + Level 2.4 Transmutations
 + Level 2.4 Fire Magic
 + Level 2.4 Ice Magic
 + Level 2.4 Air Magic
 + Level 2.4 Earth Magic
 + Level 2.4 Poison Magic
 + Level 3.2 Invocations
 + Level 3.0 Evocations


You had 9 spell levels left.
You didn't know any spells.
Your spell library was empty.

Dungeon Overview and Level Annotations

Branches:
Dungeon (1/1)

Altars:

Annotations:
D Sigmund


Innate Abilities, Weirdness & Mutations

Your experience applies equally to all skills.
You have very sharp teeth.
Your uncanny sense of smell can sniff out nearby items.


Message History

You closely miss something. You sock something! Something hits you.
You closely miss something. Something hits you.
You closely miss something. You miss something. Something hits you.
You completely miss something. Something hits you!
* * * LOW HITPOINT WARNING * * *
You miss something.
Your chain mail prevents you from hitting something.
Something hits you.
* * * LOW HITPOINT WARNING * * *
You closely miss something.
You hear some strange, mumbled words.
A magic dart appears from out of thin air!
The magic dart hits you but does no damage.
You closely miss something.
You hear some strange, mumbled words.
A magic dart appears from out of thin air!
The magic dart hits you!
You die...

#############
#<.#..)..#.{+∆∆
#..'..#..'@.#∆∆
#..#####'####
#..# #..#∆∆∆ ∆
#.)# ####∆∆ ∆
#..# #⌠⌠# ####
∆∆ ∆ ∆∆


There were no monsters in sight!

Vanquished Creatures
  An ogre (D)
  Ijyb (D)
2 creatures vanquished.

Notes
Turn   | Place    | Note
-------+----------+-------------------------------------------
     0 | D        | silentkaos13 the Gnoll Gladiator began the quest for the
                  | Orb.
     0 | D        | Reached XP level 1. HP: 20/20 MP: 1/1
     1 | D        | Noticed Ijyb
    47 | D        | Killed Ijyb
    47 | D        | Reached skill level 1 in Short Blades
    47 | D        | Reached skill level 1 in Long Blades
    47 | D        | Reached skill level 1 in Axes
    47 | D        | Reached skill level 1 in Polearms
    47 | D        | Reached skill level 1 in Staves
    47 | D        | Reached skill level 1 in Slings
    47 | D        | Reached skill level 1 in Bows
    47 | D        | Reached skill level 1 in Crossbows
    47 | D        | Reached skill level 1 in Armour
    47 | D        | Reached skill level 1 in Stealth
    47 | D        | Reached skill level 1 in Shields
    47 | D        | Reached skill level 1 in Unarmed Combat
    47 | D        | Reached skill level 1 in Spellcasting
    47 | D        | Reached skill level 1 in Conjurations
    47 | D        | Reached skill level 1 in Hexes
    47 | D        | Reached skill level 1 in Charms
    47 | D        | Reached skill level 1 in Summonings
    47 | D        | Reached skill level 1 in Necromancy
    47 | D        | Reached skill level 1 in Translocations
    47 | D        | Reached skill level 1 in Transmutations
    47 | D        | Reached skill level 1 in Fire Magic
    47 | D        | Reached skill level 1 in Ice Magic
    47 | D        | Reached skill level 1 in Air Magic
    47 | D        | Reached skill level 1 in Earth Magic
    47 | D        | Reached skill level 1 in Poison Magic
    47 | D        | Reached skill level 1 in Evocations
    47 | D        | Reached XP level 2. HP: 20/26 MP: 1/4
    47 | D        | Reached XP level 3. HP: 25/32 MP: 1/5
    97 | D        | Noticed an ogre
   107 | D        | Killed an ogre
   107 | D        | Reached skill level 5 in Fighting
   107 | D        | Reached skill level 5 in Throwing
   107 | D        | Reached XP level 4. HP: 4/39 MP: 5/8
   385 | D        | Noticed Sigmund
   398 | D        | Killed from afar by Sigmund

Levels and vault maps discovered:
D:        dungeon_sprint_1 [red_sonja_temple_1, red_sonja_temple_small_1]

Skill      XL: |  1  2  3 |
---------------+----------+-----
Short Blades   | 1 3 |  3.0
Long Blades    | 1 3 |  3.0
Axes           | 1 3 |  3.0
Polearms       | 1 3 |  3.0
Staves         | 1 3 |  3.0
Slings         | 1 3 |  3.0
Bows           | 1 3 |  3.0
Crossbows      | 1 3 |  3.0
Armour         | 1 3 |  3.0
Stealth        | 1 3 |  3.0
Shields        | 1 3 |  3.0
Unarmed Combat | 1 3 |  3.0
Spellcasting   | 1 3 |  3.0
Conjurations   | 1 2 |  2.4
Hexes          | 1 2 |  2.4
Charms         | 1 2 |  2.4
Summonings     | 1 2 |  2.4
Necromancy     | 1 2 |  2.4
Translocations | 1 2 |  2.4
Transmutations | 1 2 |  2.4
Fire Magic     | 1 2 |  2.4
Ice Magic      | 1 2 |  2.4
Air Magic      | 1 2 |  2.4
Earth Magic    | 1 2 |  2.4
Poison Magic   | 1 2 |  2.4
Invocations    | 2 3 |  3.2
Evocations     | 1 3 |  3.0
Fighting       | 5 |  5.5
Maces & Flails | 7 |  7.2
Throwing       | 5 |  5.5
Dodging        | 7 |  7.2

Action                   |  1- 3 |  4- 6 || total
-------------------------+-------+-------++-------
Melee: Unarmed           |    29 |       ||    29
       Flail             |    19 |    11 ||    30
       Bite              |     5 |       ||     5
Throw: Throwing net      |     2 |       ||     2
 Stab: Held in net/web   |     1 |       ||     1
Armor: Skin              |     3 |       ||     3
       Leather armour    |     2 |       ||     2
       Chain mail        |       |     2 ||     2
Dodge: Dodged            |    22 |       ||    22

Table legend:
 A = Non-vault XP
 B = Vault XP
 C = Vault XP percentage of total XP
 D = Non-vault monster count
 E = Vault monster count
 F = Vault count percentage of total count
                 A         B        C        D         E       F
            +---------+---------+-------+---------+---------+-------
      Total |       0 |     154 | 100.0 |       0 |       2 | 100.0
            +---------+---------+-------+---------+---------+-------
          D |       0 |     154 | 100.0 |       0 |       2 | 100.0
            +---------+---------+-------+---------+---------+-------
